 Dungeon Crawl Stone Soup version 0.21-a0-229-g3587535 (webtiles) character file.

616408 Moloch the Sensei (level 27, -9/150 HPs)
             Began as a Vine Stalker Fighter on Aug 31, 2017.
             Was the Champion of Ru.
             Mangled by Heref the pandemonium lord (20 damage)
             ... in Pandemonium on Sept 1, 2017.
             The game lasted 02:41:22 (52349 turns).

Moloch the Sensei (Vine Stalker Fighter)           Turns: 52349, Time: 02:41:22

Health: -9/150     AC: 32    Str: 19    XL:     27
Magic:  0/36       EV: 24    Int: 13    God:    Ru [******]
Gold:   5422       SH: 24    Dex: 28    Spells: 14/26 levels left

rFire    + + .     SeeInvis +     - Unarmed
rCold    + + +     Gourm    +   P - +4 shield of True Grit {*Corrode rF++ Regen+ SInv}
rNeg     + + .     Faith    .   K - +6 ring mail of Uskayaw's Approval {rElec MP+9}
rPois    +         Spirit   +   y - +2 hat {MR+}
rElec    +         Reflect  .   V - +2 cloak of Cheibriados's Reproof {rC+ Int+5}
rCorr    .         Harm     .   z - +2 pair of gloves {Dex+3}
MR       ++++.     Clarity  +   W - +2 pair of boots {Stlth+}
Stlth    +++.......             T - amulet of Limedin {Gourm rC++ rN+ Int-4}
HPRegen  1.55/turn              t - ring of Dyjeoca {rPois rN+ Int+4}
MPRegen  0.25/turn              i - +6 ring of protection

@: exhausted, no potions, no scrolls, slowed, heavily drained, very slow
A: fangs 3, talons 1, large bone plates 1, thin skeletal structure 1, blink,
clarity, clumsy 1, regeneration 2, screaming 2, shaggy fur 1, weak 1, magic
shield, antimagic bite, no potion heal 3, rot immunity, inability to drink while
threatened, inability to read while threatened, no conjurations magic, no earth
magic, no hexes magic, MP-powered wands, unskilled 1
}: 3/15 runes: decaying, silver, gossamer
a: Blink, Draw Out Power, Power Leap, Apocalypse, Renounce Religion


You were in Pandemonium.
You worshipped Ru.
Ru was exalted by your worship.
You were hungry.

You visited 10 branches of the dungeon, and saw 48 of its levels.
You visited Pandemonium 1 time, and saw 5 of its levels.
You visited 2 bazaars.
You also visited: Trove.

You collected 8170 gold pieces.
You spent 2748 gold pieces at shops.

Inventory:

Missiles
 w - 5 throwing nets (quivered)
Armour
 k - the +7 faerie dragon scales {rC- MR+ rCorr Dex+3 Slay+4}
   (You took it off the Enchantress on level 1 of the Depths)

   It affects your dexterity (+3).
   It affects your accuracy and damage with ranged weapons and melee attacks
   (+4).
   It makes you vulnerable to cold.
   It affects your resistance to hostile enchantments.
   It protects you from acid and corrosion.
 o - the +12 plate armour of the Equator {rPois Regen+}
   (You acquired it on level 5 of the Depths)

   It protects you from poison.
   It increases your rate of regeneration.
 y - a +2 hat of magic resistance (worn)
 z - a +2 pair of gloves of dexterity (worn)
 K - the +6 ring mail of Uskayaw's Approval (worn) {rElec MP+9}
   (You found it on level 5 of the Lair of Beasts)

   It insulates you from electricity.
   It affects your magic capacity (+9).
 O - the -1 helmet of the Black Moon {rC+ Str+4}
   (Okawaru gifted it to you on level 1 of the Vaults)

   It affects your strength (+4).
   It protects you from cold.
 P - the +4 shield of True Grit (worn) {*Corrode rF++ Regen+ SInv}
   (You took it off an ogre mage on level 3 of the Depths)

   It greatly protects you from fire.
   It lets you see invisible.
   It increases your rate of regeneration.
   It may corrode you when you take damage.
 S - +11 gold dragon scales
 V - the +2 cloak of Cheibriados's Reproof (worn) {rC+ Int+5}
   (You bought it in a shop in a bazaar)

   It affects your intelligence (+5).
   It protects you from cold.
 W - a +2 pair of boots of stealth (worn)
 Y - a +1 cloak of magic resistance
Jewellery
 b - an uncursed ring of see invisible
 i - a +6 ring of protection (right hand)
 j - an uncursed ring of resist corrosion
 t - the ring of Dyjeoca (left hand) {rPois rN+ Int+4}
   (You found it on level 3 of the Crypt)

   [ring of positive energy]

   It affects your intelligence (+4).
   It protects you from poison.
   It protects you from negative energy.
 v - the ring "Toen" {rC+ rN+}
   (You found it on level 3 of the Crypt)

   [ring of positive energy]

   It protects you from cold.
   It protects you from negative energy.
 E - the ring "Dyilimo" {rF++ rN+ Str-5}
   (You took it off a vampire knight on level 3 of the Crypt)

   [ring of positive energy]

   It affects your strength (-5).
   It greatly protects you from fire.
   It protects you from negative energy.
 R - an uncursed ring of protection from fire
 T - the amulet of Limedin (around neck) {Gourm rC++ rN+ Int-4}
   (You took it off an orc warrior on level 1 of the Orcish Mines)

   [amulet of the gourmand]

   It allows you to eat raw meat even when not hungry.
   It affects your intelligence (-4).
   It greatly protects you from cold.
   It protects you from negative energy.
Wands
 h - a wand of digging (7/24)
Scrolls
 a - 4 scrolls of vulnerability
 e - 14 scrolls of remove curse
 f - 10 scrolls of teleportation
 n - 5 scrolls of identify
 p - 4 scrolls of magic mapping
 q - 13 scrolls of blinking
 B - 11 scrolls of recharging
 F - 5 scrolls of holy word
 J - a scroll of summoning
 U - 4 scrolls of fog
 Z - 3 scrolls of silence
Potions
 c - 15 potions of might
 g - 10 potions of haste
 m - 6 potions of mutation
 r - 24 potions of curing
 s - 2 potions of invisibility
 x - 2 potions of ambrosia
 A - 3 potions of berserk rage
 D - 8 potions of agility
 I - 7 potions of flight
 M - a potion of cancellation
 X - 2 potions of resistance
Miscellaneous
 L - 2 phantom mirrors
Comestibles
 d - 36 bread rations
 l - 18 royal jellies
 u - 21 meat rations
 G - 87 fruits


   Skills:
 * Level 17.4(15.5) Fighting
 * Level 1.5(0.3) Throwing
 * Level 12.4(10.7) Armour
 + Level 15.0(13.2) Dodging
 + Level 20.0(18.0) Shields
 + Level 24.6(22.4) Unarmed Combat
   Level 4.5(3.2) Invocations
 * Level 1.6(0.3) Evocations


You had 14 spell levels left.
You knew the following spells:

 Your Spells              Type           Power        Failure   Level  Hunger
a - Statue Form           Tmut/Erth      #........    100%        6    #######
b - Deflect Missiles      Chrm/Air       #.........   100%        6    #######


Dungeon Overview and Level Annotations

Branches:
Dungeon (15/15)            Temple (1/1) D:7            Lair (6/6) D:9
  Swamp (4/4) Lair:4       Spider (4/4) Lair:4        Slime (0/5) Lair:5
    Orc (2/2) D:9             Elf (3/3) Orc:2        Vaults (5/5) D:14
  Crypt (3/3) Vaults:2       Tomb (0/3) Crypt:3      Depths (5/5) D:15
    Zot (0/5) Depths:5

Altars:
Ashenzari
Cheibriados
Dithmenos
Elyvilon
Fedhas
Gozag
Hepliaklqana
Kikubaaqudgha
Makhleb
Nemelex Xobeh
Okawaru
Qazlal
Ru
Sif Muna
Trog
Uskayaw
Vehumet
Wu Jian
Xom
Yredelemnul
Zin
The Shining One
Beogh
Jiyva
Lugonu

Shops:
D:5 *   D:12 [   Orc:2 *([[   Elf:3 (?(   Vaults:4 (   Vaults:5 !==*(

Portals:
Hell: Depths:1 Depths:2 Depths:3 Depths:4 Depths:5
Abyss: Depths:2 Depths:4
Pandemonium: Depths:3 Depths:4
Ziggurat: Depths:2

Annotations:
D:9 Blork the orc
Lair:3 exclusion: 4 oklob plants
Lair:5 1 runed door
Vaults:2 Mennas
Depths:5 3 runed doors


Innate Abilities, Weirdness & Mutations

You have razor-sharp teeth.
You are clumsy. (Dex -2)
You heal very quickly.
You sometimes yell uncontrollably at your foes.
When hurt, damage is shared between your health and your magic reserves.
Your bite disrupts and absorbs the magic of your enemies.
Potions cannot restore your health.
You are immune to rotting.
You cannot drink potions while threatened.
You cannot read scrolls while threatened.
You cannot study or cast Conjurations magic.
You cannot study or cast Earth magic.
You cannot study or cast Hexes magic.
You are somewhat unskilled. (-1 Apt)
You have sharp toenails.
You are partially covered in large bone plates. (SH +4)
You have a somewhat thin skeletal structure. (Dex +2, Stealth)
You can translocate small distances at will.
You possess an exceptional clarity of mind.
You are covered in fur. (AC +1)
You are weak. (Str -2)
You expend magic power (3 MP) to strengthen your wands.


Message History

You block Heref's attack. x2
You hear a distant "Zot"!
Unknown command.
You closely miss Heref.
The ynoxinul bellows!
You bite Heref, but do no damage.
Heref is moderately wounded.
Heref hits you!!
* * * LOW HITPOINT WARNING * * *
You partially resist.
You feel drained.
* * * LOW HITPOINT WARNING * * *
You punch Heref! You bite Heref, but do no damage.
Heref is moderately wounded.
Heref barely misses you.
Unknown command.
You pummel Heref!! You bite Heref. You drain its power.
You feel invigorated.
Heref is moderately wounded.
Heref is stunned by your will and fails to attack.
Heref hits you!!
You die...

...# ...#
##.6 ##..#
.#. ...# 3.2
##.# .2
##..# . 3#
##..## ...
#.##..##
#....#.#@..#
#.....&...#
##.......##
#########


You could see Heref.

Vanquished Creatures
  3 ancient liches
  Khufu (Crypt:1)
  2 juggernauts (Depths:5)
  Boris (Crypt:2)
  2 greater mummies (Crypt:1)
  Saint Roka (Orc:2)
  5 golden dragons
  The ghost of 4thArraOfDagon the Fencer, a veteran FoAM of Wu Jian (Vaults:4)
  Nikola (Elf:2)
  the Enchantress (Depths:1)
  Arachne (Spider:3)
  3 tentacled monstrosities
  3 bone dragons (Depths:5)
  8 liches
  Jorgrun (Crypt:2)
  An Ice Fiend (Pan)
  A titan (shapeshifter) (Depths:3)
  9 deep elf blademasters
  Asterion (Spider:4)
  15 titans
  A quicksilver dragon (Depths:5)
  2 Executioners (Pan)
  7 deep elf master archers
  Frances (Spider:1)
  3 sphinxes
  Gastronok (Lair:2)
  2 ancient champions
  2 large abominations (Depths:4)
  4 thorn hunters
  8 shadow dragons
  8 storm dragons
  A revenant (Crypt:2)
  9 tengu reavers
  A draconian monk (Depths:5)
  5 nagarajas (Depths:1)
  6 orc warlords
  A draconian knight (Depths:5)
  26 fire giants
  21 vault wardens
  Louise (Elf:2)
  2 iron dragons (Vaults:5)
  14 frost giants
  6 ghost moths
  6 emperor scorpions
  Aizul (Vaults:3)
  9 deep elf sorcerers
  A curse skull (Crypt:2)
  2 deep elf elementalists (Elf:3)
  3 balrugs (Pan)
  10 ghouls
  A draconian annihilator (Depths:5)
  A juggernaut zombie (Crypt:3)
  A war gargoyle (Vaults:2)
  A reaper (Pan)
  18 ironheart preservers
  23 stone giants
  2 entropy weavers
  5 spriggan defenders
  27 very ugly things
  15 vampire knights
  A blood saint (Pan)
  An entropy weaver (shapeshifter) (Vaults:5)
  9 black draconians
  2 lorocyprocas
  6 deep elf demonologists
  3 yellow draconians
  A dire elephant (Lair:6)
  Nessos (Lair:5)
  4 purple draconians
  5 white draconians (Depths:5)
  4 spark wasps
  5 deep elf annihilators (Elf:3)
  15 ettins
  A merfolk javelineer (Crypt:2)
  A merfolk impaler (Vaults:2)
  15 deep elf death magi
  6 eidola
  Josephine (Lair:5)
  17 jiangshi
  18 yaktaur captains
  A quicksilver dragon zombie (Crypt:3)
  18 fire dragons
  3 deep elf high priests
  A minotaur (Vaults:2)
  A hell beast (Depths:3)
  14 great orbs of eyes
  A monstrous demonspawn (Depths:3)
  26 hydras
  38 vault guards
  The ghost of Gorglomux the Basher, a journeyman GnHu of Dithmenos (D:10)
  7 naga warriors
  9 spriggan air magi
  Erolcha (D:9)
  Fannar (D:11)
  11 ice dragons
  Harold (D:11)
  A ghost crab (Swamp:4)
  7 rakshasas
  2 juggernaut simulacra (Pan)
  17 ogre magi
  3 alligators
  A catoblepas (Lair:6)
  2 death knights
  33 two-headed ogres
  13 deep troll shamans
  3 anacondas (Depths:1)
  9 tengu warriors
  10 death yaks
  14 deep troll earth magi
  24 dancing weapons
  A small abomination (Vaults:5)
  11 centaur warriors
  A queen ant (shapeshifter) (Vaults:5)
  10 spriggan berserkers
  9 vampire magi
  A shock serpent (shapeshifter) (Vaults:4)
  3 orc high priests
  A titan zombie (Crypt:2)
  13 hell knights
  7 soul eaters
  Sonja (D:14)
  26 deep elf knights
  31 skeletal warriors
  3 shadow wraiths
  7 sun demons
  A storm dragon skeleton (Crypt:2)
  6 iron trolls
  A quicksilver dragon simulacrum (Depths:3)
  A glowing orange brain (shapeshifter) (Vaults:5)
  A deep troll (shapeshifter) (Depths:5)
  An unseen horror (shapeshifter) (Depths:1)
  8 wizards
  The ghost of Gorglomux the Transmogrifier, a novice GnTm of Uskayaw (D:6)
  An anaconda zombie (Crypt:3)
  41 deep trolls
  29 deep elf archers
  4 glowing orange brains
  3 flayed ghosts
  2 ghost moth zombies (Crypt:3)
  A gelid demonspawn (Depths:4)
  2 lindwurms (Depths:1)
  4 swamp dragons
  An iron giant skeleton (Crypt:1)
  21 ironbrand convokers
  A harpy (shapeshifter) (Depths:4)
  A sphinx zombie (Crypt:1)
  A lindwurm (shapeshifter) (Depths:5)
  Pikel (D:9)
  3 harpies (Vaults:3)
  18 phantasmal warriors
  21 orc knights
  A golden dragon skeleton (Depths:3)
  2 wolf spider zombies (Crypt:3)
  11 necromancers
  2 stone giant zombies (Crypt:3)
  A faun (shapeshifter) (Depths:4)
  16 orb spiders
  20 wolf spiders
  56 deep elf magi
  15 orc sorcerers
  42 ugly things
  3 shadow dragon skeletons
  A salamander (Vaults:2)
  9 cyclopes
  A stone giant skeleton (Crypt:1)
  3 manticores
  A frost giant zombie (Vaults:2)
  An iron dragon skeleton (Crypt:1)
  2 dire elephant zombies (Crypt:3)
  30 vault sentinels
  A guardian serpent (shapeshifter) (D:13)
  Maurice (Orc:2)
  A rust devil (Pan)
  3 torpor snails
  A shock serpent zombie (Crypt:1)
  9 black mambas
  4 guardian serpents (Depths:1)
  14 spiny frogs
  2 centaur zombies (D:13)
  2 moths of wrath
  A titan simulacrum (Depths:3)
  8 elephants (Lair:6)
  An orange demon (Pan)
  A smoke demon (Depths:4)
  3 gargoyles
  A spiny frog (shapeshifter) (Depths:2)
  5 freezing wraiths
  26 yaktaurs
  An emperor scorpion zombie (Crypt:1)
  3 tormentors (Pan)
  2 elf skeletons (Depths:3)
  An alligator snapping turtle skeleton (Crypt:3)
  8 komodo dragons
  2 rime drakes
  3 kobold demonologists
  A yaktaur (shapeshifter) (Depths:4)
  7 ice devils
  2 hellwings
  A purple draconian skeleton (Crypt:2)
  A tengu simulacrum (Vaults:2)
  8 demonic crawlers
  2 hydra zombies
  2 red devils (Pan)
  A guardian mummy (D:13)
  17 trolls
  5 polar bears
  A meliai (shapeshifter) (Vaults:3)
  3 meliai (Spider:2)
  A polar bear (shapeshifter) (Elf:3)
  3 tyrant leeches
  A jumping spider (shapeshifter) (D:15)
  6 merfolk
  42 jumping spiders
  A wolf spider simulacrum (D:15)
  Prince Ribbit (D:9)
  7 tengu conjurers
  2 wind drakes (shapeshifter)
  19 blink frogs
  An ettin zombie (Crypt:3)
  A hornet (shapeshifter) (Depths:2)
  A blink frog (shapeshifter) (Vaults:1)
  A hippogriff (shapeshifter) (Vaults:4)
  21 hornets
  34 slime creatures
  13 bog bodies
  A raiju (shapeshifter) (D:15)
  15 hippogriffs
  A guardian serpent skeleton (Crypt:1)
  8 spriggans
  A fire dragon skeleton (Crypt:1)
  A vampire (D:11)
  58 redbacks
  A spriggan (shapeshifter) (Vaults:5)
  8 water elementals
  14 air elementals
  4 fire elementals
  37 yaks
  9 wyverns
  A human (shapeshifter) (Vaults:3)
  18 humans (D:14)
  19 tarantellas
  7 shadows
  21 wraiths
  A hungry ghost (D:12)
  2 hogs (shapeshifter)
  4 basilisks
  A golden eye (shapeshifter) (Vaults:2)
  A yaktaur simulacrum (Vaults:2)
  16 wargs
  11 insubstantial wisps (Swamp:2)
  15 vampire mosquitoes
  2 chaos spawn
  An infernal demonspawn zombie (Crypt:1)
  14 nagas
  A warg (shapeshifter) (Vaults:4)
  A two-headed ogre zombie (Crypt:3)
  12 swamp worms
  16 water moccasins
  4 porcupines
  2 floating eyes
  A merfolk skeleton (Crypt:3)
  A faun zombie (Crypt:1)
  12 swamp drakes
  A black bear (D:10)
  2 human zombies
  88 orc warriors
  11 ice beasts
  5 phantoms
  A snapping turtle zombie (Crypt:3)
  A sky beast (D:6)
  A black bear (shapeshifter) (Vaults:1)
  2 eyes of draining
  26 ogres
  8 boggarts
  3 necrophages
  25 centaurs
  39 wolves
  A lindwurm skeleton (Crypt:3)
  A tengu (shapeshifter) (Depths:4)
  2 swamp dragon skeletons
  5 crocodiles
  A fire crab zombie (Crypt:3)
  8 big kobolds
  A big kobold (shapeshifter) (Vaults:2)
  A hippogriff zombie (Crypt:2)
  15 bullfrogs
  A deep troll simulacrum (Vaults:2)
  3 earth elementals
  A gnoll sergeant (D:7)
  A wyvern zombie (D:9)
  2 human skeletons (Vaults:2)
  A queen bee zombie (Crypt:2)
  3 scorpions
  A water moccasin zombie (D:7)
  3 wyvern skeletons
  A killer bee (shapeshifter) (Vaults:5)
  8 wights
  A howler monkey (D:5)
  9 killer bees
  7 electric eels
  3 human simulacra
  4 bullfrog zombies
  12 crimson imps
  A quasit (Depths:4)
  An iron imp (Depths:4)
  7 jellies
  A gnoll shaman (D:3)
  45 orc priests
  8 hounds
  4 centaur skeletons
  Ijyb (D:3)
  5 iguanas
  36 orc wizards
  10 worker ants
  3 hell rats (Lair:6)
  A porcupine skeleton (Crypt:2)
  2 killer bee zombies
  A sky beast zombie (Crypt:1)
  A deep dwarf skeleton (Crypt:2)
  A hound zombie (D:7)
  A hound skeleton (D:11)
  A mummy (Crypt:1)
  Robin (D:4)
  A howler monkey zombie (Crypt:2)
  2 worker ant zombies
  11 gnolls
  A howler monkey skeleton (D:9)
  10 river rats (Lair:6)
  14 adders
  8 shadow imps
  A steam dragon skeleton (Crypt:1)
  2 ufetubi (Depths:4)
  7 oozes
  2 adder zombies
  A worm zombie (Crypt:1)
  2 adder skeletons
  A worm (D:3)
  A dart slug (shapeshifter) (Depths:3)
  2 dart slugs
  6 leopard geckos
  171 orcs
  4 ball pythons (Depths:1)
  11 bats
  4 giant cockroaches
  2 gnoll zombies (D:9)
  20 goblins
  5 hobgoblins
  11 jackals
  12 kobolds
  5 quokkas
  4 frilled lizards
  A gnoll skeleton (Crypt:3)
  A leopard gecko skeleton (D:4)
  3 quokka skeletons
  6 rats
  5 crawling corpses
  A plant (Lair:6)
2655 creatures vanquished.

Vanquished Creatures (others)
  A storm dragon (Depths:5)
  A fire giant (Crypt:3)
  A vault warden (Vaults:5)
  A spriggan defender (Depths:1)
  A ghoul (Crypt:1)
  A stone giant (Depths:4)
  An eidolon (Crypt:1)
  A large abomination (Depths:4)
  An anaconda (Depths:1)
  An ogre mage (Depths:3)
  A spriggan berserker (Swamp:4)
  A hell knight (Depths:5)
  A necromancer (Depths:1)
  A deep elf mage (Vaults:3)
  A rust devil (Depths:3)
  2 yaktaurs
  A tormentor (Pan)
  A slime creature (Depths:1)
  An air elemental (Depths:2)
  A tarantella (Spider:4)
  3 nagas (Depths:1)
  A warg (Vaults:5)
  A water moccasin (shapeshifter) (Depths:4)
  An orc warrior (Vaults:5)
  A jelly (D:9)
  2 adders
  6 orcs
  9 fungi
  24 plants
  8 toadstools (Swamp:1)
77 creatures vanquished.

Grand Total: 2732 creatures vanquished

Notes
Turn   | Place    | Note
-------+----------+-------------------------------------------
     0 | D:1      | Moloch the Vine Stalker Fighter began the quest for the Orb.
     0 | D:1      | Reached XP level 1. HP: 11/11 MP: 2/2
   244 | D:1      | Reached XP level 2. HP: 16/16 MP: 3/3
   507 | D:1      | Reached XP level 3. HP: 20/20 MP: 4/4
   627 | D:1      | Reached skill level 3 in Unarmed Combat
  1472 | D:3      | Found an opulent altar of Gozag.
  1475 | D:3      | Found a hide-covered altar of Uskayaw.
  1479 | D:3      | Gained mutation: Your natural rate of healing is unusually fast. [Vine Stalker growth]
  1479 | D:3      | Reached XP level 4. HP: 23/24 MP: 5/5
  1485 | D:3      | Noticed Ijyb
  1524 | D:3      | Killed Ijyb
  1524 | D:3      | Reached skill level 4 in Unarmed Combat
  1630 | D:3      | Found a shattered altar of Ashenzari.
  1661 | D:3      | Reached XP level 5. HP: 4/28 MP: 1/6
  1785 | D:3      | Found a sacrificial altar of Ru.
  1789 | D:3      | Reached skill level 5 in Unarmed Combat
  2208 | D:4      | Noticed an ice beast
  2230 | D:4      | Killed an ice beast
  2230 | D:4      | Reached skill level 6 in Unarmed Combat
  2230 | D:4      | Reached XP level 6. HP: 14/32 MP: 5/7
  2960 | D:4      | Noticed Robin
  2970 | D:4      | Killed Robin
  3105 | D:5      | Entered Level 5 of the Dungeon
  3169 | D:5      | Reached skill level 7 in Unarmed Combat
  3169 | D:5      | Reached XP level 7. HP: 17/36 MP: 4/8
  3460 | D:5      | Reached skill level 8 in Unarmed Combat
  3663 | D:5      | Found Cown's Assorted Antiques.
  3666 | D:5      | Bought a scroll labeled YFAEVV NAAHIT for 31 gold pieces
  3666 | D:5      | Bought a scroll labeled USEODU GEOLLE for 31 gold pieces
  3666 | D:5      | Bought a silvery potion for 27 gold pieces
  3762 | D:5      | Gained mutation: You have razor-sharp teeth. [Vine Stalker growth]
  3762 | D:5      | Reached XP level 8. HP: 40/40 MP: 9/9
  3789 | D:5      | Reached skill level 9 in Unarmed Combat
  3800 | D:5      | Found a sacrificial altar of Ru.
  4039 | D:6      | Reached skill level 10 in Unarmed Combat
  4054 | D:6      | Noticed Gorglomux's ghost (novice GnTm)
  4071 | D:6      | Killed Gorglomux's ghost
  4071 | D:6      | Reached skill level 11 in Unarmed Combat
  4071 | D:6      | Reached XP level 9. HP: 26/45 MP: 8/10
  4116 | D:6      | Found a glowing silver altar of Zin.
  4449 | D:6      | Gained mutation: You are robust. (+10% HP) [mutagenic meat]
  4450 | D:6      | Gained mutation: You are clumsy. (Dex -2) [mutagenic meat]
  4451 | D:6      | Gained mutation: Your flesh is cold resistant. (rC+) [mutagenic meat]
  4452 | D:6      | Lost mutation: You are robust. (+10% HP) [mutagenic meat]
  4949 | D:7      | Found a staircase to the Ecumenical Temple.
  4962 | Temple   | Entered the Ecumenical Temple
  5090 | D:7      | Reached skill level 12 in Unarmed Combat
  5549 | D:7      | Found a stormy altar of Qazlal.
  5995 | D:8      | Found an iron altar of Okawaru.
  6034 | D:7      | Reached skill level 13 in Unarmed Combat
  6034 | D:7      | Reached XP level 10. HP: 48/49 MP: 11/11
  6067 | D:8      | Became a worshipper of Warmaster Okawaru
  6286 | D:8      | Found a hazy altar of Hepliaklqana.
  6671 | D:9      | Noticed Prince Ribbit
  6681 | D:9      | Killed Prince Ribbit
  6721 | D:9      | Found a shimmering altar of Xom.
  6949 | D:9      | Found a staircase to the Lair.
  6972 | D:9      | Reached * piety under Okawaru
  6973 | D:9      | Found a roughly hewn altar of Beogh.
  7019 | D:9      | Noticed Pikel
  7026 | D:9      | Killed Pikel
  7081 | D:9      | Found a staircase to the Orcish Mines.
  7149 | D:9      | Found a blossoming altar of Fedhas.
  7162 | D:9      | Noticed Erolcha
  7180 | D:9      | Killed Erolcha
  7180 | D:9      | Reached ** piety under Okawaru
  7180 | D:9      | Reached skill level 14 in Unarmed Combat
  7397 | D:9      | Found a basalt altar of Yredelemnul.
  7421 | D:9      | Noticed Blork the orc
  7429 | D:9      | Found a deep blue altar of Sif Muna.
  7599 | Lair:1   | Entered Level 1 of the Lair of Beasts
  7599 | Lair:1   | Noticed a spiny frog
  7612 | Lair:1   | Killed a spiny frog
  7642 | Lair:1   | Reached skill level 1 in Invocations
  7717 | Lair:1   | Reached XP level 11. HP: 45/54 MP: 10/12
  7806 | Lair:1   | Reached *** piety under Okawaru
  8418 | Lair:2   | Noticed a six-headed hydra
  8439 | Lair:2   | Killed a six-headed hydra
  8439 | Lair:2   | Reached skill level 5 in Shields
  8527 | Lair:2   | Reached skill level 15 in Unarmed Combat
  8549 | Lair:2   | Reached **** piety under Okawaru
  8671 | Lair:2   | Noticed Gastronok
  8696 | Lair:2   | Killed Gastronok
  9127 | Lair:2   | Reached ***** piety under Okawaru
  9316 | Lair:3   | Noticed an oklob plant
  9316 | Lair:3   | Noticed an oklob plant
  9316 | Lair:3   | Noticed an oklob plant
  9316 | Lair:3   | Noticed an oklob plant
  9316 | Lair:3   | Noticed an eight-headed hydra
  9333 | Lair:3   | Killed an eight-headed hydra
  9333 | Lair:3   | Gained mutation: You heal very quickly. [Vine Stalker growth]
  9333 | Lair:3   | Reached XP level 12. HP: 16/58 MP: 3/15
  9753 | Lair:3   | Reached skill level 16 in Unarmed Combat
 10053 | Lair:4   | Found a staircase to the Swamp.
 10053 | Lair:4   | Noticed a death yak
 10205 | Lair:4   | Received a gift from Okawaru
 10245 | Lair:4   | Noticed a spriggan rider
 10265 | Lair:4   | Found a hole to the Spider Nest.
 10306 | Lair:4   | Reached skill level 5 in Armour
 10382 | Lair:4   | Reached skill level 5 in Fighting
 10544 | Lair:4   | Noticed a death yak
 10545 | Lair:4   | Noticed a death yak
 10545 | Lair:4   | Noticed a death yak
 10572 | Lair:4   | Killed a death yak
 10587 | Lair:4   | Killed a death yak
 10596 | Lair:4   | Killed a death yak
 10601 | Lair:4   | Killed a death yak
 10601 | Lair:4   | Reached skill level 5 in Invocations
 10601 | Lair:4   | Reached XP level 13. HP: 34/63 MP: 12/17
 10801 | Lair:4   | Received a gift from Okawaru
 10801 | Lair:4   | Reached skill level 17 in Unarmed Combat
 10806 | Lair:4   | Got a crude scale mail {god gift}
 10817 | Lair:4   | Identified the +6 scale mail of the Tundras {rN+} (Okawaru gifted it to you on level 4 of the Lair of Beasts)
 11265 | Lair:5   | Reached ****** piety under Okawaru
 11499 | Lair:5   | Got a jewelled ring mail
 11510 | Lair:5   | Identified the +6 ring mail of Uskayaw's Approval {rElec MP+9} (You found it on level 5 of the Lair of Beasts)
 11605 | Lair:5   | Noticed Josephine
 11628 | Lair:5   | Killed Josephine
 11719 | Lair:5   | Noticed Nessos
 11727 | Lair:5   | Killed Nessos
 11743 | Lair:5   | Found a runed door.
 11744 | Lair:5   | Found a viscous altar of Jiyva.
 11745 | Lair:5   | Noticed an acid blob
 11880 | Lair:5   | Found a staircase to the Slime Pits.
 11980 | Lair:6   | Entered Level 6 of the Lair of Beasts
 12064 | Lair:6   | Found a glowing silver altar of Zin.
 12192 | Lair:6   | Received a gift from Okawaru
 12343 | Lair:6   | Reached skill level 18 in Unarmed Combat
 12402 | Lair:6   | Reached skill level 1 in Dodging
 12542 | Lair:6   | Reached XP level 14. HP: 67/69 MP: 18/18
 12671 | Lair:6   | Noticed a dire elephant
 12820 | Lair:6   | Found the +8 mithril axe "Arga" {speed, MR+}
 13285 | Lair:6   | Killed a dire elephant
 13285 | Lair:6   | Received a gift from Okawaru
 13470 | Orc:1    | Entered Level 1 of the Orcish Mines
 13710 | Orc:2    | Entered Level 2 of the Orcish Mines
 13710 | Orc:2    | Found a staircase to the Elven Halls.
 13716 | Orc:2    | Noticed an orc warlord
 13909 | Orc:1    | Killed an orc warlord
 14132 | Orc:2    | Found a roughly hewn altar of Beogh.
 14333 | Orc:2    | Noticed Maurice
 14349 | Orc:2    | Killed Maurice
 14457 | Orc:2    | Found a roughly hewn altar of Beogh.
 14472 | Orc:2    | Found Eruthrookk's General Store.
 14485 | Orc:2    | Bought a scroll of magic mapping for 45 gold pieces
 14485 | Orc:2    | Bought a +0 ring mail for 52 gold pieces
 14584 | Orc:2    | Found a roughly hewn altar of Beogh.
 14689 | Orc:2    | Reached skill level 10 in Shields
 14689 | Orc:2    | Reached skill level 19 in Unarmed Combat
 14705 | Orc:2    | Found a roughly hewn altar of Beogh.
 14706 | Orc:2    | Found Ifiuca's Armour Shop.
 14789 | Orc:2    | Found a roughly hewn altar of Beogh.
 14849 | Orc:2    | Noticed Saint Roka
 14901 | Orc:2    | Killed Saint Roka
 14927 | Orc:2    | Reached XP level 15. HP: 53/74 MP: 19/19
 15065 | Orc:2    | Received a gift from Okawaru
 15132 | Orc:1    | Noticed an orc warlord
 15276 | Orc:2    | Killed an orc warlord
 15435 | Orc:1    | Noticed an orc warlord
 15456 | Orc:1    | Killed an orc warlord
 15521 | Orc:1    | Got a smoking platinum amulet
 15617 | Orc:1    | Identified the amulet of Limedin {Gourm rC++ rN+ Int-4} (You took it off an orc warrior on level 1 of the Orcish Mines)
 15620 | Orc:1    | Identified the Collected Works on Quantum Venom
 15740 | Orc:2    | Found a roughly hewn altar of Beogh.
 15740 | Orc:2    | Found Lokin's Antique Armour Shoppe.
 15745 | Orc:2    | Found Atzufogh's Antique Weapon Emporium.
 15788 | Orc:2    | Found a roughly hewn altar of Beogh.
 15988 | D:10     | Entered Level 10 of the Dungeon
 16444 | D:10     | Noticed Gorglomux's ghost (journeyman GnHu)
 16455 | D:10     | Killed Gorglomux's ghost
 16455 | D:10     | Received a gift from Okawaru
 16813 | D:11     | Noticed Harold
 16841 | D:11     | Killed Harold
 16846 | D:11     | Gained mutation: You possess an exceptional clarity of mind. [mutagenic meat]
 16847 | D:11     | Gained mutation: Your spells are a little easier to cast, but a little less powerful. [mutagenic meat]
 16849 | D:11     | Gained mutation: You have sharp toenails. [mutagenic meat]
 16987 | D:11     | Noticed Fannar
 16998 | D:11     | Killed Fannar
 17304 | D:12     | Found Agecit's Armour Shoppe.
 18237 | D:13     | Found a roughly hewn altar of Beogh.
 18403 | D:13     | Gained mutation: You are partially covered in large bone plates. (SH +4) [mutagenic meat]
 18626 | D:13     | Reached skill level 5 in Dodging
 18692 | D:13     | Reached XP level 16. HP: 81/81 MP: 20/20
 18703 | D:13     | Found a portal to a secret trove of treasure.
 18981 | D:14     | Noticed Sonja
 18993 | D:14     | Killed Sonja
 18993 | D:14     | Received a gift from Okawaru
 19171 | D:14     | Reached skill level 20 in Unarmed Combat
 19236 | D:14     | Found a gate to the Vaults.
 19515 | D:15     | Entered Level 15 of the Dungeon
 19522 | D:15     | Found a staircase to the Depths.
 19586 | D:15     | Found a blossoming altar of Fedhas.
 19693 | D:15     | Received a gift from Okawaru
 20494 | Elf:1    | Entered Level 1 of the Elven Halls
 21027 | Elf:1    | Noticed Nikola
 21253 | Elf:1    | Received a gift from Okawaru
 21312 | Elf:1    | Reached XP level 17. HP: 65/86 MP: 21/21
 21898 | Elf:2    | Found a runed gate.
 21898 | Elf:2    | Found a runed gate.
 21898 | Elf:2    | Found a runed gate.
 21924 | Elf:2    | Noticed a deep elf blademaster
 21938 | Elf:2    | Killed a deep elf blademaster
 22098 | Elf:2    | Killed Nikola
 22114 | Elf:2    | Received a gift from Okawaru
 22201 | Elf:2    | Reached skill level 10 in Fighting
 22491 | Elf:2    | Noticed Louise
 22513 | Elf:2    | Killed Louise
 22688 | Elf:2    | Received a gift from Okawaru
 22835 | Elf:3    | Entered Level 3 of the Elven Halls
 22923 | Elf:3    | Found Gezem's Antique Weapon Shoppe.
 23011 | Elf:3    | Gained mutation: You are frail. (-10% HP) [a neqoxec]
 23015 | Elf:3    | Gained mutation: Your spells are easier to cast, but less powerful. [a neqoxec]
 23165 | Elf:3    | Found Hessawupn's Magic Scroll Emporium.
 23165 | Elf:3    | Found Siulev's Antique Weapon Shoppe.
 23182 | Elf:3    | Bought a scroll of acquirement for 624 gold pieces
 23182 | Elf:3    | Bought a scroll of blinking for 90 gold pieces
 23182 | Elf:3    | Bought a scroll of teleportation for 36 gold pieces
 23182 | Elf:3    | Bought a scroll of teleportation for 36 gold pieces
 23182 | Elf:3    | Bought 2 scrolls of holy word for 180 gold pieces
 23232 | Elf:3    | Gained mutation: You are very frail. (-20% HP) [mutagenic meat]
 23301 | Elf:3    | Lost mutation: You are clumsy. (Dex -2) [potion of mutation]
 23301 | Elf:3    | Lost mutation: Your spells are easier to cast, but less powerful. [potion of mutation]
 23301 | Elf:3    | Lost mutation: Your spells are a little easier to cast, but a little less powerful. [potion of mutation]
 23301 | Elf:3    | Lost mutation: You possess an exceptional clarity of mind. [potion of mutation]
 23301 | Elf:3    | Gained mutation: You expend magic power (3 MP) to strengthen your wands. [potion of mutation]
 23301 | Elf:3    | Gained mutation: You are somewhat resistant to further mutation. [potion of mutation]
 23302 | Elf:3    | Lost mutation: You have sharp toenails. [potion of mutation]
 23302 | Elf:3    | Lost mutation: Your flesh is cold resistant. (rC+) [potion of mutation]
 23302 | Elf:3    | Lost mutation: You expend magic power (3 MP) to strengthen your wands. [potion of mutation]
 23303 | Elf:3    | Lost mutation: You are very frail. (-20% HP) [potion of mutation]
 23303 | Elf:3    | Lost mutation: You are frail. (-10% HP) [potion of mutation]
 23303 | Elf:3    | Gained mutation: You are agile. (Dex +2) [potion of mutation]
 23713 | Elf:3    | Received a gift from Okawaru
 23720 | Elf:3    | Reached XP level 18. HP: 95/95 MP: 22/22
 23920 | Elf:3    | Noticed a deep elf master archer
 23928 | Elf:3    | Killed a deep elf master archer
 23965 | Elf:3    | Noticed a Tzitzimitl
 24041 | Elf:3    | Reached skill level 15 in Shields
 24052 | Elf:3    | Found the ring of Shadows {Umbra +Inv Stlth+}
 24087 | Elf:3    | Noticed a deep elf blademaster
 24114 | Elf:3    | Killed a deep elf blademaster
 24211 | Elf:3    | Noticed a deep elf blademaster
 24212 | Elf:3    | Noticed a deep elf blademaster
 24221 | Elf:3    | Noticed a deep elf blademaster
 24228 | Elf:3    | Killed a deep elf blademaster
 24235 | Elf:3    | Killed a deep elf blademaster
 24237 | Elf:3    | Noticed a deep elf master archer
 24249 | Elf:3    | Killed a deep elf master archer
 24276 | Elf:3    | Killed a deep elf blademaster
 24308 | Elf:3    | Found the +2 Maxwell's thermic engine {flame, freeze, rF- rC-}
 24340 | Elf:3    | Identified the +9 plate armour "Xeczoupp" {Int+4} (You found it on level 3 of the Elven Halls)
 24577 | Swamp:1  | Entered Level 1 of the Swamp
 24604 | Swamp:1  | Received a gift from Okawaru
 26536 | Swamp:4  | Entered Level 4 of the Swamp
 26795 | Swamp:4  | Reached XP level 19. HP: 99/100 MP: 23/23
 26891 | Swamp:4  | Received a gift from Okawaru
 26939 | Swamp:4  | Received a gift from Okawaru
 27133 | Swamp:4  | Got a decaying rune of Zot
 27399 | Spider:1 | Entered Level 1 of the Spider Nest
 27732 | Spider:1 | Noticed Frances
 27750 | Spider:1 | Killed Frances
 27933 | Spider:2 | HP: 5/100 [jumping spider (8)]
 27933 | Spider:2 | HP: 1/100 [jumping spider (4)]
 28036 | Spider:2 | Received a gift from Okawaru
 28090 | Spider:2 | Gained mutation: You are resistant to hostile enchantments. (MR+) [mutagenic meat]
 29339 | Spider:4 | Entered Level 4 of the Spider Nest
 29628 | Spider:4 | Noticed Asterion
 29646 | Spider:4 | Killed Asterion
 29753 | Spider:4 | Reached XP level 20. HP: 75/107 MP: 24/24
 29907 | Spider:4 | Noticed Arachne
 30012 | Spider:3 | Killed Arachne
 30012 | Spider:3 | Received a gift from Okawaru
 30264 | Spider:4 | Reached skill level 10 in Dodging
 30354 | Spider:4 | Got a gossamer rune of Zot
 30758 | Vaults:1 | Entered Level 1 of the Vaults
 30840 | Vaults:1 | Received a gift from Okawaru
 30862 | Vaults:1 | Got a slimy helmet {god gift}
 30873 | Vaults:1 | Identified the -1 helmet of the Black Moon {rC+ Str+4} (Okawaru gifted it to you on level 1 of the Vaults)
 32616 | D:3      | Fell from the grace of Okawaru
 32616 | D:3      | Became a worshipper of Ru the Awakened
 32959 | Vaults:2 | Reached skill level 10 in Armour
 33362 | Vaults:2 | Reached XP level 21. HP: 98/113 MP: 25/25
 33730 | Vaults:2 | Found a staircase to the Crypt.
 33970 | Crypt:1  | Entered Level 1 of the Crypt
 33985 | Crypt:1  | Noticed Mennas
 34543 | Crypt:1  | Gained mutation: You cannot drink potions while threatened. [Ru sacrifice]
 34543 | Crypt:1  | Reached * piety under Ru
 35372 | Crypt:1  | Noticed a greater mummy
 35372 | Crypt:1  | Noticed a greater mummy
 35375 | Crypt:1  | Noticed Khufu
 35380 | Crypt:1  | Killed a greater mummy
 35475 | Crypt:1  | Killed a greater mummy
 35614 | Crypt:1  | Killed Khufu
 36154 | Crypt:2  | Noticed Boris
 36178 | Crypt:2  | Killed Boris
 36181 | Crypt:2  | Gained mutation: You occasionally shout uncontrollably at your foes. [Ru sacrifice]
 36335 | Crypt:2  | Found a basalt altar of Yredelemnul.
 36516 | Crypt:3  | Entered Level 3 of the Crypt
 36523 | Crypt:3  | Noticed Jorgrun
 36785 | Crypt:2  | Killed Jorgrun
 36914 | Crypt:3  | Reached XP level 22. HP: 98/120 MP: 26/26
 37772 | Crypt:2  | Was forgiven by Okawaru
 38200 | Crypt:3  | Found a staircase to the Tomb.
 38703 | Crypt:3  | Gained mutation: You cannot read scrolls while threatened. [Ru sacrifice]
 38703 | Crypt:3  | Reached ** piety under Ru
 38703 | Crypt:3  | Reached *** piety under Ru
 38720 | Crypt:3  | Found a basalt altar of Yredelemnul.
 39026 | Crypt:3  | Learned a level 6 spell: Statue Form
 39031 | Crypt:3  | Got a vibrating golden ring
 39031 | Crypt:3  | Got a warped copper ring
 39033 | Crypt:3  | Identified the ring "Toen" {rC+ rN+} (You found it on level 3 of the Crypt)
 39035 | Crypt:3  | Identified the ring of Dyjeoca {rPois rN+ Int+4} (You found it on level 3 of the Crypt)
 39062 | Crypt:3  | Got an ancient turquoise ring
 39510 | Crypt:3  | Noticed an ancient lich
 39528 | Crypt:3  | Killed an ancient lich
 39528 | Crypt:3  | Reached skill level 21 in Unarmed Combat
 39703 | Vaults:3 | Gained mutation: You expend magic power (3 MP) to strengthen your wands. [mutagenic meat]
 39710 | Vaults:3 | Gained mutation: You have a pair of small horns on your head. [mutagenic meat]
 39772 | Vaults:3 | Reached skill level 15 in Fighting
 39830 | Vaults:3 | Noticed Aizul
 39836 | Vaults:3 | Killed Aizul
 39845 | Vaults:3 | Reached XP level 23. HP: 119/126 MP: 27/27
 39868 | Vaults:3 | Gained mutation: You have large cloven feet. [mutagenic meat]
 40078 | Vaults:3 | Gained mutation: You are weak. (Str -2) [mutagenic meat]
 40080 | Vaults:3 | Gained mutation: Scrolls take you a little longer to read. [mutagenic meat]
 40167 | Vaults:3 | Gained mutation: You are somewhat unskilled. (-1 Apt) [Ru sacrifice]
 40167 | Vaults:3 | Reduced skill Armour to level 10
 40167 | Vaults:3 | Reduced skill Unarmed Combat to level 19
 40167 | Vaults:3 | Reached **** piety under Ru
 40340 | Vaults:3 | Gained mutation: Your magical capacity is low. (-10% MP) [mutagenic meat]
 40363 | Vaults:3 | Reached skill level 20 in Unarmed Combat
 40879 | Vaults:3 | Found the +3 hat of Pondering {ponderous, MR+ MP+10 Int+5}
 40912 | Vaults:3 | Identified the ring "Dyilimo" {rF++ rN+ Str-5} (You took it off a vampire knight on level 3 of the Crypt)
 41244 | Vaults:4 | Noticed 4thArraOfDagon's ghost (veteran FoAM)
 41273 | Vaults:4 | Killed 4thArraOfDagon's ghost
 41290 | Vaults:4 | Found Odaitaff's Antique Weapon Emporium.
 42009 | Vaults:4 | Gained mutation: Your spells are a little harder to cast, but a little more powerful. [mutagenic meat]
 42542 | Vaults:5 | Entered Level 5 of the Vaults
 42653 | Vaults:4 | Reached XP level 24. HP: 108/130 MP: 24/24
 42850 | Vaults:4 | Lost mutation: You are resistant to hostile enchantments. (MR+) [mutagenic meat]
 42852 | Vaults:4 | Gained mutation: You regenerate. [mutagenic meat]
 42989 | Vaults:5 | Reached skill level 21 in Unarmed Combat
 43113 | Vaults:5 | Got a steaming platinum ring
 43115 | Vaults:5 | Identified the ring "Iqof" {+Blink rN+ AC+3 Slay-5} (You found it on level 5 of the Vaults)
 43310 | Vaults:5 | Reached skill level 15 in Fighting
 43540 | Vaults:5 | Found Zaramikkix's Distillery.
 43547 | Vaults:5 | Bought a potion of resistance for 160 gold pieces
 43547 | Vaults:5 | Bought a potion of haste for 160 gold pieces
 43547 | Vaults:5 | Bought a potion of haste for 160 gold pieces
 43547 | Vaults:5 | Bought 2 potions of flight for 96 gold pieces
 43547 | Vaults:5 | Bought a potion of flight for 48 gold pieces
 43547 | Vaults:5 | Bought a potion of might for 64 gold pieces
 43550 | Vaults:5 | Got a silver rune of Zot
 43572 | Vaults:5 | Noticed an ancient lich
 43591 | Vaults:5 | Killed an ancient lich
 43719 | Vaults:5 | Found Ejoinun's Antique Weapon Shop.
 43752 | Vaults:5 | Found Cazawewn's Jewellery Shoppe.
 43752 | Vaults:5 | Found Cystotui's General Store.
 43839 | Vaults:5 | Reached XP level 25. HP: 107/136 MP: 24/24
 44100 | Vaults:5 | Identified the Grimoire of the Ensnaring Arsonist
 44130 | Vaults:5 | Noticed an ancient lich
 44155 | Vaults:5 | Killed an ancient lich
 44256 | Vaults:5 | Found Zifoduar's Jewellery Shoppe.
 44428 | Vaults:5 | Found the cursed +13 scythe of Curses {drain, *Curse}
 44475 | Vaults:5 | Reached skill level 22 in Unarmed Combat
 44875 | Depths:1 | Entered Level 1 of the Depths
 45042 | D:15     | Lost mutation: You are somewhat resistant to further mutation. [mutagenic meat]
 45044 | D:15     | Gained mutation: You tend to lose your temper in combat. [mutagenic meat]
 45432 | Depths:1 | Lost mutation: Your magical capacity is low. (-10% MP) [mutagenic meat]
 45433 | Depths:1 | Lost mutation: Scrolls take you a little longer to read. [mutagenic meat]
 45558 | D:13     | You paid a toll of 2 scrolls of acquirement to enter a treasure trove
 45559 | Trove    | Entered a treasure trove
 45562 | Trove    | Found the +6 shillelagh "Devastator" {shatter}
 45745 | Depths:1 | Noticed the Enchantress
 45789 | Depths:1 | Killed the Enchantress
 45818 | Depths:1 | Got faerie dragon scales
 45820 | Depths:1 | Identified the +7 faerie dragon scales {rC- MR+ rCorr Dex+3 Slay+4} (You took it off the Enchantress on level 1 of the Depths)
 46101 | Depths:1 | Lost mutation: You tend to lose your temper in combat. [mutagenic meat]
 46102 | Depths:1 | Gained mutation: Armour fits poorly on your strangely shaped body. [mutagenic meat]
 46197 | Depths:1 | Found the +0 sword of Power
 46242 | Depths:1 | Gained mutation: Scrolls take you a little longer to read. [mutagenic meat]
 46495 | Depths:1 | Found a gateway to Hell.
 46569 | Depths:2 | Found a flickering gateway to a bazaar.
 46583 | Bazaar   | Entered a bazaar
 46583 | Bazaar   | Found Osoxziqe's Weapon Boutique.
 46583 | Bazaar   | Found Imoo's Armour Shop.
 46583 | Bazaar   | Found Mosaoram's Weapon Shop.
 46592 | Bazaar   | Bought the +2 cloak of Cheibriados's Reproof {rC+ Int+5} for 585 gold pieces
 46667 | Depths:2 | Reached XP level 26. HP: 142/142 MP: 27/27
 47165 | Depths:2 | Found a corrupted altar of Lugonu.
 47166 | Depths:2 | Found a one-way gate to the infinite horrors of the Abyss.
 47187 | Depths:2 | Found a gateway to a ziggurat.
 47609 | Depths:3 | Reached skill level 23 in Unarmed Combat
 47838 | Depths:3 | Paralysed by a floating eye for 3 turns
 47844 | Depths:3 | Paralysed by a floating eye for 3 turns
 47851 | Depths:3 | Paralysed by a floating eye for 4 turns
 47864 | Depths:3 | Paralysed by a floating eye for 2 turns
 47908 | Depths:3 | Paralysed by a floating eye for 2 turns
 47915 | Depths:3 | Gained mutation: You sometimes yell uncontrollably at your foes. [mutagenic meat]
 47958 | Depths:3 | Noticed a juggernaut
 47970 | Depths:3 | Noticed a shard shrike
 47970 | Depths:3 | a juggernaut changed into a shard shrike
 47972 | Depths:3 | a shard shrike changed into a titan
 47996 | Depths:3 | Lost mutation: You regenerate. [mutagenic meat]
 47997 | Depths:3 | Lost mutation: You have a pair of small horns on your head. [mutagenic meat]
 47998 | Depths:3 | Gained mutation: Your body sometimes deteriorates upon taking damage. [mutagenic meat]
 48000 | Depths:3 | Lost mutation: Scrolls take you a little longer to read. [potion of mutation]
 48000 | Depths:3 | Lost mutation: You expend magic power (3 MP) to strengthen your wands. [potion of mutation]
 48000 | Depths:3 | Lost mutation: You are agile. (Dex +2) [potion of mutation]
 48000 | Depths:3 | Gained mutation: You have a somewhat thin skeletal structure. (Dex +2, Stealth) [potion of mutation]
 48000 | Depths:3 | Gained mutation: You are agile. (Dex +2) [potion of mutation]
 48001 | Depths:3 | Lost mutation: You have large cloven feet. [potion of mutation]
 48001 | Depths:3 | Lost mutation: You are agile. (Dex +2) [potion of mutation]
 48001 | Depths:3 | Lost mutation: Armour fits poorly on your strangely shaped body. [potion of mutation]
 48001 | Depths:3 | Gained mutation: You are agile. (Dex +2) [potion of mutation]
 48001 | Depths:3 | Gained mutation: You evolve. [potion of mutation]
 48034 | Depths:3 | Got a twisted shield
 48045 | Depths:3 | Identified the +4 shield of True Grit {*Corrode rF++ Regen+ SInv} (You took it off an ogre mage on level 3 of the Depths)
 48125 | Depths:3 | Identified the +14 plate armour "Ablorym" {Dex+5} (You found it on level 3 of the Depths)
 48389 | Depths:3 | Found a one-way gate leading to the halls of Pandemonium.
 48912 | Depths:4 | Reached XP level 27. HP: 148/148 MP: 27/27
 49236 | Depths:4 | Found a flickering gateway to a bazaar.
 49253 | Bazaar   | Entered a bazaar
 49270 | Bazaar   | Found Ozuhuich's Distillery.
 49270 | Bazaar   | Found Suwiocof's Weapon Shoppe.
 49274 | Bazaar   | Bought a potion of berserk rage for 85 gold pieces
 49274 | Bazaar   | Bought a potion of agility for 68 gold pieces
 49274 | Bazaar   | Bought a potion of haste for 170 gold pieces
 49276 | Bazaar   | Gained mutation: You cannot study or cast Earth magic. [Ru sacrifice]
 49276 | Bazaar   | Gained mutation: You cannot study or cast Hexes magic. [Ru sacrifice]
 49276 | Bazaar   | Gained mutation: You cannot study or cast Conjurations magic. [Ru sacrifice]
 49276 | Bazaar   | Reached ***** piety under Ru
 49287 | Bazaar   | Found Enuenewu's Gadget Emporium.
 49324 | Bazaar   | Found Lyddaw's Antique Armour Emporium.
 49469 | Depths:4 | Identified the +3 ring mail "Vosef" {Regen+ Dex+3 SInv} (You found it on level 4 of the Depths)
 50221 | Depths:5 | Entered Level 5 of the Depths
 50280 | Depths:5 | Identified the +12 plate armour of the Equator {rPois Regen+} (You acquired it on level 5 of the Depths)
 50434 | Depths:5 | Gained mutation: You possess an exceptional clarity of mind. [mutagenic meat]
 50435 | Depths:5 | Gained mutation: You have a pair of small horns on your head. [mutagenic meat]
 50438 | Depths:5 | Gained mutation: You can translocate small distances at will. [mutagenic meat]
 50488 | Depths:5 | Gained mutation: You have sharp toenails. [evolution]
 50524 | Depths:5 | Reached skill level 24 in Unarmed Combat
 50567 | Depths:5 | Lost mutation: You are agile. (Dex +2) [Ru sacrifice]
 50567 | Depths:5 | Gained mutation: You are clumsy. (Dex -2) [Ru sacrifice]
 50567 | Depths:5 | Reached ****** piety under Ru
 50599 | Depths:5 | Found a shattered altar of Ashenzari.
 50618 | Depths:5 | Noticed a juggernaut
 50632 | Depths:5 | Killed a juggernaut
 50691 | Depths:5 | Noticed a juggernaut
 50705 | Depths:5 | Killed a juggernaut
 51155 | Depths:5 | Lost mutation: You have a pair of small horns on your head. [mutagenic meat]
 51156 | Depths:5 | Lost mutation: You evolve. [mutagenic meat]
 51157 | Depths:5 | Gained mutation: Armour fits poorly on your strangely shaped body. [mutagenic meat]
 51158 | Depths:5 | Lost mutation: Armour fits poorly on your strangely shaped body. [potion of mutation]
 51158 | Depths:5 | Lost mutation: Your body sometimes deteriorates upon taking damage. [potion of mutation]
 51158 | Depths:5 | Lost mutation: Your spells are a little harder to cast, but a little more powerful. [potion of mutation]
 51158 | Depths:5 | Gained mutation: You are covered in fur. (AC +1) [potion of mutation]
 51227 | Depths:5 | Found a runed door.
 51240 | Depths:5 | Found a runed door.
 51299 | Depths:5 | Found a runed door.
 51308 | Depths:5 | Found a runed door.
 51343 | Depths:5 | Found a runed door.
 51406 | Depths:5 | Found a runed door.
 51535 | Depths:5 | Found a gate to the Realm of Zot.
 51547 | Depths:5 | Upgraded the game from 0.21-a0-228-g14ccbf3 to 0.21-a0-229-g3587535
 51638 | Depths:5 | Gained mutation: You expend magic power (3 MP) to strengthen your wands. [mutagenic meat]
 51895 | Pan      | Entered Pandemonium
 51984 | Pan      | Reached skill level 1 in Evocations
 52027 | Pan      | Noticed Gidyin the pandemonium lord
 52085 | Pan      | Reached skill level 1 in Throwing
 52187 | Pan      | Learned a level 6 spell: Deflect Missiles
 52255 | Pan      | Reached skill level 15 in Dodging
 52329 | Pan      | Noticed Heref the pandemonium lord
 52349 | Pan      | Mangled by Heref the pandemonium lord

Vault maps used:
D:1:      saegor_arrival_simple_d
D:3:      ashenzari_conservatory_becter, lemuel_crystal_altar,
          grunt_temple_overflow_open, uniq_ijyb
D:4:      hangedman_abyss_or_decor_lesser_grid, uniq_robin
D:5:      wad_crossroads, serial_shops, nicolae_shop_window_shopping,
          first_bread, nicolae_ru_path_of_blood
D:6:      basic_altar, minmay_misc_feat_doors
D:7:      nicolae_qazlal_style_of_elements, minmay_temple_entry_grid,
          serial_glass, glass_columns_a, glass_columns_b
D:8:      lemuel_round_altar, lemuel_crystal_altar
D:9:      xom_confusion_cloud, lemuel_round_altar,
          lemuel_zombie_altar_yredelemnul, tgw_sif, lair_entry_dummy,
          orc_0_dummy, uniq_prince_ribbit1, uniq_pikel, uniq_erolcha
D:10:     serial_bayou_ford_a
D:11:     uniq_harold, uniq_fannar
D:12:     wad_guarded_room, serial_shops, kennysheep_mini_moat
D:13:     nicolae_trove_entry_path_of_doom, hangedman_little_slice_of_home
D:14:     grunt_vaults_entry_tiered, uniq_sonja
D:15:     grunt_enter_depths_giant_problem, basic_altar, serial_bayou_lagoon_a
Temple:   minmay_temple_curvy_loop
Lair:1:   wad_woods_river_03
Lair:2:   uniq_gastronok
Lair:3:   hangedman_lair_unloving_vines, minmay_lair_oklob_chamber
Lair:4:   minmay_swamp_entry_reptiles, spider_nest_entry_a,
          grunt_forest_large_clearings
Lair:5:   slime_altar_2, uniq_nessos, uniq_josephine
Lair:6:   grunt_lair_end_beastmaster, basic_altar, kennysheep_abandoned_house
Swamp:1:  cheibrodos_swamp_tower_of_moss, evilmike_swamp_ruin_house_2,
          swamp_pool3
Swamp:2:  serial_swamp_ruin, evilmike_swamp_ruin_house_3,
          hangedman_swamp_ruin_wall, evilmike_swamp_ruin_house_6
Swamp:3:  evilmike_swamp_ruin_rubble_2, infiniplex_staircase_pool
Swamp:4:  swamp_basic_johnstein
Spider:1: uniq_frances
Spider:3: spiders_nest_the_unseen
Spider:4: spider_rune_water, uniq_asterion, uniq_arachne
Orc:1:    minmay_orc_treasury
Orc:2:    grunt_orc_community_town_hall, grunt_orc_community_big_house_1,
          grunt_orc_community_big_house_2, grunt_orc_community_house_2,
          grunt_orc_community_house_2, grunt_orc_community_house_1,
          grunt_orc_community_house_2, grunt_orc_community_house_2,
          grunt_orc_community_house_1, kennysheep_orc_chapel, uniq_maurice
Elf:1:    hangedman_elf_represent, uniq_nikola
Elf:2:    basic_stair_grate_trap, uniq_louise
Elf:3:    minmay_elf_hall_statues, serial_shops, shop, minivault_20,
          basic_stair_grate_trap, minmay_shoptagon
Vaults:1: v_misc_4, hangedman_vaults_corner_blocks, hangedman_vaults_stitches,
          vaults_standard_mumra_enter_the_diamond, vaults_mumra_hexcomb,
          vaults_room_glass_cross, nicolae_vaults_yaktaur_gun_rack,
          hangedman_vaults_impose, ontoclasm_vaults_loading_screen,
          vaults_mumra_hex, ontoclasm_vaults_gateway,
          ontoclasm_vaults_ring_square, nicolae_vaults_shelves_hall
Vaults:2: minmay_crypt_entry_simple_walls, nicolae_vaults_twisting_passages,
          nicolae_vaults_ring_of_whatevers, v_misc_2, ontoclasm_vaults_chip,
          v_misc_32, grunt_vaults_funnel, nicolae_vaults_ring_of_whatevers,
          vaults_mumra_minichess_inversion, vaults_dpeg_ring
Vaults:3: v_misc_22, nicolae_vaults_mini_display_case, vaults_dpeg_diagonal,
          v_misc_29, vaults_room_stairs_pillars, v_alt_pattern_5, v_misc_33,
          hangedman_vaults_slice, nicolae_vaults_halls_meeting,
          grunt_vaults_hallway_short, grunt_vaults_swirl,
          grunt_vaults_hallway_short, vaults_dpeg_hooks, uniq_aizul
Vaults:4: v_alt_pattern_2, nicolae_vaults_fighting_squares, v_misc_4,
          nicolae_vaults_puzzle_piece, ontoclasm_vaults_chip, vaults_room_fours,
          serial_shops, shop
Crypt:1:  tombwall_bobbens, uniq_khufu, uniq_mennas
Crypt:2:  basic_altar, uniq_boris
Crypt:3:  church_of_pain_bobbens, uniq_jorgrun
Depths:1: hangedman_decor_push, hangedman_geh_valley, st_stairs_14,
          minmay_serpent_palace, firewood_loft, uniq_enchantress
Depths:2: cheibrodos_spurs, enter_ziggurat_b, abyss_entry_flame_altar,
          serial_shops, bzr_entry_water, hell_entry, serial_sigils_hangedman_gut
Depths:3: minmay_heptahexagon, grunt_mini_vestibule, rand_demon_pan_entry_4,
          dk_noncrumbling_3, patterned_corridor, minmay_staircase_bubble
Depths:4: minmay_the_grid_square_5x5_5x5_mashed, serial_shops, bzr_entry_gold,
          abyss_entry_small_statue_room, grunt_pan_entry_sceptre,
          hangedman_tar_grid_catacomb, minmay_staircase_windowed_large,
          serial_bayou_shore_b
Depths:5: evilmike_zot_entry_castle, lemuel_crystal_altar, hell_entry,
          basic_stair_grate_trap
Pan:      grunt_pan_frozen_over, evilmike_mini_pan_pillars, rand_demon_3,
          evilmike_mini_pan_T, evilmike_mini_pan_diamond
Bazaar:   bazaar_outfitter, bazaar_long_row
Trove:    trove_weapon_2

Skill      XL: |  1  2  3  4  5  6  7  8  9 10 11 12 13 14 15 16 17 18 19 20 21 22 23 24 25 26 27 |
---------------+----------------------------------------------------------------------------------+-----
Fighting       | 3 4 5 6 7 8 10 11 12 13 14 15 14 15 16 17 | 17.4
Unarmed Combat | 3 4 6 7 8 11 13 14 15 16 18 19 20 21 20 21 22 23 24 | 24.6
Shields        | 4 6 7 9 10 11 12 14 16 17 17 18 19 20 | 20.0
Armour         | 3 4 5 6 7 8 9 10 11 10 11 12 | 12.4
Invocations    | 1 3 5 4 |  4.5
Dodging        | 1 3 5 6 7 9 12 14 14 15 | 15.0
Evocations     | 1 |  1.6
Throwing       | 1 |  1.5

Action                   |  1- 3 |  4- 6 |  7- 9 | 10-12 | 13-15 | 16-18 | 19-21 | 22-24 | 25-27 || total
-------------------------+-------+-------+-------+-------+-------+-------+-------+-------+-------++-------
Melee: Unarmed           |   138 |   153 |   289 |   624 |  1575 |  1441 |  2473 |  2494 |  2326 || 11513
       Bite              |    37 |    58 |    92 |   263 |   705 |   683 |  1467 |  1533 |  1448 ||  6286
       Headbutt          |       |       |       |       |       |       |       |   594 |   669 ||  1263
Throw: Throwing net      |       |       |       |       |       |       |       |     1 |       ||     1
Invok: Heroism           |       |       |       |     6 |    13 |    13 |     5 |       |       ||    37
       Finesse           |       |       |       |       |     1 |     4 |     1 |       |       ||     6
       Sacrifice Purity  |       |       |       |       |       |       |     1 |       |     1 ||     2
       Sacrifice Drink   |       |       |       |       |       |       |     1 |       |       ||     1
       Sacrifice Words   |       |       |       |       |       |       |       |     1 |       ||     1
       Reject Sacrifices |       |       |       |       |       |       |       |     1 |     1 ||     2
       Sacrifice Skill   |       |       |       |       |       |       |       |     1 |       ||     1
       Apocalypse        |       |       |       |       |       |       |       |       |     1 ||     1
       Sacrifice Arcana  |       |       |       |       |       |       |       |       |     1 ||     1
Evoke: Wand              |       |       |       |    10 |       |       |       |       |       ||    10
  Use: Scroll            |       |       |     6 |     5 |     9 |     6 |    13 |     8 |    22 ||    69
       Potion            |       |       |     1 |       |       |     3 |       |       |     3 ||     7
 Stab: Petrified         |       |       |       |       |     3 |       |       |       |       ||     3
       Petrifying        |       |       |       |       |     1 |       |       |       |       ||     1
       Sleeping          |       |       |       |       |    12 |    11 |    13 |     3 |     1 ||    40
       Distracted        |       |       |       |       |       |     3 |     2 |     5 |    20 ||    30
       Invisible         |       |       |       |       |       |       |       |     3 |    19 ||    22
       Confused          |       |       |       |       |       |       |       |       |     1 ||     1
       Paralysed         |       |       |       |       |       |       |       |       |     1 ||     1
  Eat: Chunk             |     2 |     5 |    13 |    14 |    40 |    30 |    33 |    67 |    52 ||   256
       Royal jelly       |       |       |     1 |       |       |       |     3 |     3 |       ||     7
       Fruit             |       |       |       |     1 |       |       |       |       |       ||     1
Armor: Scale mail        |    49 |    49 |    83 |    18 |    28 |       |       |       |       ||   227
       Skin              |       |       |    20 |       |       |       |       |       |       ||    20
       Chain mail        |       |       |       |    28 |       |       |       |       |       ||    28
       Plate armour      |       |       |       |   233 |    92 |       |       |       |       ||   325
       Ring mail         |       |       |       |       |   250 |   222 |   459 |   268 |   138 ||  1337
       Acid dragon scale |       |       |       |       |       |       |       |       |   175 ||   175
       Gold dragon scale |       |       |       |       |       |       |       |       |    74 ||    74
Dodge: Dodged            |    49 |    24 |    57 |    98 |   421 |   351 |   857 |   669 |   898 ||  3424
Block: Shield            |    64 |    54 |   116 |   336 |   759 |   386 |       |       |  1244 ||  2959
       Large shield      |       |       |       |       |       |   616 |  2785 |  2038 |   633 ||  6072

Table legend:
 A = Spawn XP
 B = Non-spawn XP
 C = Spawn XP percentage of total XP
 D = Spawn monster count
 E = Non-spawn monster count
 F = Spawn count percentage of total count
 G = Total turns spent on level
                    A         B        C        D         E        F      G
               +---------+---------+-------+---------+---------+-------+---------
         Total |  137392 | 1344651 |   9.3 |     238 |    2319 |   9.3 | 52349
               +---------+---------+-------+---------+---------+-------+---------
           D:1 |      10 |      32 |  23.8 |       5 |      16 |  23.8 |   859
           D:2 |       2 |      34 |   5.6 |       1 |      18 |   5.3 |   588
           D:3 |      13 |     236 |   5.2 |       1 |      22 |   4.3 |   764
           D:4 |       8 |     356 |   2.2 |       2 |      23 |   8.0 |  1073
           D:5 |       0 |     670 |   0.0 |       0 |      16 |   0.0 |   678
           D:6 |      19 |    1786 |   1.1 |       4 |      21 |  16.0 |  1055
           D:7 |     369 |     913 |  28.8 |       8 |      20 |  28.6 |  1005
           D:8 |     122 |     674 |  15.3 |       1 |      16 |   5.9 |   702
           D:9 |     270 |    2955 |   8.4 |       2 |      43 |   4.4 |  1092
          D:10 |     168 |    3461 |   4.6 |       2 |      29 |   6.5 |   772
          D:11 |     764 |    6453 |  10.6 |       8 |      22 |  26.7 |   647
          D:12 |    1215 |    6573 |  15.6 |       8 |      44 |  15.4 |   697
          D:13 |    1276 |    9550 |  11.8 |       4 |      68 |   5.6 |  1090
          D:14 |      36 |   17297 |   0.2 |       1 |      48 |   2.0 |   907
          D:15 |    1722 |   19141 |   8.3 |       3 |      50 |   5.7 |  1122
        Temple |       0 |     127 |   0.0 |       0 |       1 |   0.0 |    99
        Lair:1 |     626 |    2615 |  19.3 |       3 |      10 |  23.1 |   853
        Lair:2 |     554 |    5399 |   9.3 |       2 |      11 |  15.4 |   937
        Lair:3 |       0 |    5399 |   0.0 |       0 |      23 |   0.0 |   857
        Lair:4 |    1159 |   12120 |   8.7 |       4 |      60 |   6.2 |  1099
        Lair:5 |       0 |    8904 |   0.0 |       0 |      26 |   0.0 |   914
        Lair:6 |    1437 |   19403 |   6.9 |       5 |      60 |   7.7 |  1394
       Swamp:1 |     253 |    9181 |   2.7 |       1 |      23 |   4.2 |   690
       Swamp:2 |       0 |    9359 |   0.0 |       0 |      24 |   0.0 |   740
       Swamp:3 |       0 |    8631 |   0.0 |       0 |      27 |   0.0 |   589
       Swamp:4 |    1004 |   26720 |   3.6 |       1 |      47 |   2.1 |   745
      Spider:1 |     201 |   11802 |   1.7 |       1 |      30 |   3.2 |   553
      Spider:2 |    3941 |   14790 |  21.0 |      11 |      35 |  23.9 |   678
      Spider:3 |     493 |   16631 |   2.9 |       2 |      32 |   5.9 |   870
      Spider:4 |    3855 |   36111 |   9.6 |       9 |      73 |  11.0 |  1041
         Orc:1 |       0 |    9105 |   0.0 |       0 |      51 |   0.0 |   867
         Orc:2 |     470 |   25861 |   1.8 |       7 |     151 |   4.4 |  1610
         Elf:1 |    7188 |   25060 |  22.3 |      10 |      40 |  20.0 |  1281
         Elf:2 |    1494 |   36475 |   3.9 |       4 |      43 |   8.5 |  1101
         Elf:3 |    3966 |   54309 |   6.8 |       8 |      49 |  14.0 |  1608
      Vaults:1 |    5487 |   24985 |  18.0 |       8 |      51 |  13.6 |  1232
      Vaults:2 |    1993 |   49051 |   3.9 |       8 |      78 |   9.3 |  2238
      Vaults:3 |   11187 |   58961 |  15.9 |      15 |      91 |  14.2 |  1565
      Vaults:4 |    9635 |   82908 |  10.4 |      11 |      85 |  11.5 |  1690
      Vaults:5 |   13033 |  151419 |   7.9 |      19 |     116 |  14.1 |  1805
       Crypt:1 |    2830 |   40543 |   6.5 |       3 |      37 |   7.5 |  1352
       Crypt:2 |    2597 |   39641 |   6.1 |       2 |      48 |   4.0 |  1679
       Crypt:3 |   18467 |   77194 |  19.3 |       9 |      97 |   8.5 |  2097
      Depths:1 |   11329 |   58251 |  16.3 |      13 |      89 |  12.7 |  1308
      Depths:2 |    5738 |   59941 |   8.7 |       7 |      81 |   8.0 |   999
      Depths:3 |    5332 |   75007 |   6.6 |       7 |      89 |   7.3 |  1215
      Depths:4 |    3741 |  101762 |   3.5 |       3 |      98 |   3.0 |  1363
      Depths:5 |   13209 |   91242 |  12.6 |      14 |      59 |  19.2 |  1636
           Pan |     179 |   25613 |   0.7 |       1 |      28 |   3.4 |   454
               +---------+---------+-------+---------+---------+-------+---------
